3146 views
Uploaded 2020-02-02 16:57:45
Game version 1.32 / 1.32.1
25:48 long 4on4 ladder game on (8)Northshire_LV
Saved by BEARAND
3146 views
Uploaded 2020-02-02 16:57:45
Game version 1.32 / 1.32.1
25:48 long 4on4 ladder game on (8)Northshire_LV


115 units @ 11.9k
/ 1k
335 buildings @ 21.7k
/ 12.4k



x1)
| Staff of Sanctuary | 3 | 750 |
| Orb of Fire | 1 | 325 |
| Boots of Speed | 2 | 500 |
| Staff of Teleportation | 3 | 450 |
| Tome of Retraining | 1 | 300 |
| Healing Salve | 1 | 100 |
| Orb of Lightning | 1 | 375 |
| total: | 12 | 2800g |
| Peasant | 26 | 1950 | / | 0 |
| Priest | 1 | 135 | / | 10 |
| Dragonhawk Rider | 4 | 800 | / | 120 |
| total: | 31 | 2885g | / | 130w |
| Scout Tower | 97 | 2910 | / | 1940 |
| Guard Tower | 37 | 2590 | / | 1850 |
| Altar of Kings | 1 | 180 | / | 50 |
| Farm | 7 | 560 | / | 140 |
| Lumber Mill | 1 | 120 | / | 0 |
| Town Hall | 1 | 385 | / | 205 |
| Arcane Vault | 2 | 260 | / | 60 |
| Blacksmith | 1 | 140 | / | 60 |
| Barracks | 1 | 160 | / | 60 |
| Arcane Sanctum | 1 | 150 | / | 140 |
| Gryphon Aviary | 3 | 420 | / | 450 |
| Keep | 1 | 320 | / | 210 |
| Castle | 1 | 360 | / | 210 |
| total: | 115 | 5285g | / | 3105w |
| 0:01 | Peasant |
| 0:08 | Altar of Kings |
| 0:09 | Peasant |
| 0:18 | Farm |
| 0:22 | Peasant |
| 0:48 | Lumber Mill |
| 0:51 | Peasant |
| 0:53 | Farm |
| 1:15 | Peasant |
| 1:22 | Peasant |
| 1:31 | Peasant |
| 1:39 | Scout Tower |
| 1:41 | Scout Tower |
| 1:44 | Scout Tower |
| 1:47 | Peasant |
| 1:50 | Improved Masonry |
| 2:01 | Peasant |
| 2:06 | Guard Tower |
| 2:12 | Flame Strike |
| 2:22 | Peasant |
| 2:32 | Peasant |
| 2:34 | Guard Tower |
| 2:49 | Scout Tower |
| 2:49 | Scout Tower |
| 2:52 | Peasant |
| 3:17 | Guard Tower |
| 3:20 | Scout Tower |
| 3:21 | Scout Tower |
| 3:22 | Scout Tower |
| 3:26 | Peasant |
| 3:26 | Peasant |
| 3:31 | Siphon Mana |
| 3:37 | Peasant |
| 3:40 | Farm |
| 3:42 | Farm |
| 3:54 | Guard Tower |
| 3:57 | Peasant |
| 4:33 | Town Hall |
| 4:37 | Guard Tower |
| 4:51 | Guard Tower |
| 5:10 | Guard Tower |
| 5:12 | Scout Tower |
| 5:13 | Scout Tower |
| 6:12 | Flame Strike |
| 6:13 | Guard Tower |
| 6:15 | Scout Tower |
| 6:15 | Scout Tower |
| 6:17 | Keep |
| 6:20 | Peasant |
| 6:20 | Peasant |
| 6:47 | Guard Tower |
| 6:49 | Scout Tower |
| 6:50 | Scout Tower |
| 6:51 | Scout Tower |
| 6:51 | Scout Tower |
| 7:06 | Guard Tower |
| 7:23 | Guard Tower |
| 7:54 | Guard Tower |
| 7:55 | Scout Tower |
| 9:02 | Castle |
| 9:18 | Guard Tower |
| 9:19 | Scout Tower |
| 9:19 | Scout Tower |
| 9:35 | Scout Tower |
| 9:37 | Scout Tower |
| 10:03 | Storm Bolt |
| 10:05 | Boots of Speed |
| 10:08 | Guard Tower |
| 10:22 | Guard Tower |
| 10:31 | Guard Tower |
| 10:34 | Arcane Vault |
| 10:38 | Healing Salve |
| 10:45 | Scout Tower |
| 10:51 | Advanced Masonry |
| 10:51 | Improved Lumber Harvesting |
| 11:40 | Staff of Sanctuary |
| 11:46 | Orb of Lightning |
| 11:56 | Arcane Vault |
| 11:59 | Guard Tower |
| 12:08 | Peasant |
| 12:09 | Peasant |
| 12:11 | Farm |
| 12:12 | Arcane Sanctum |
| 12:28 | Holy Light |
| 12:36 | Scout Tower |
| 12:43 | Scout Tower |
| 12:44 | Scout Tower |
| 12:44 | Scout Tower |
| 12:53 | Boots of Speed |
| 12:54 | Staff of Teleportation |
| 13:06 | Scout Tower |
| 13:10 | Guard Tower |
| 13:11 | Guard Tower |
| 13:13 | Scout Tower |
| 13:16 | Scout Tower |
| 13:16 | Scout Tower |
| 13:17 | Scout Tower |
| 13:18 | Scout Tower |
| 13:18 | Scout Tower |
| 13:19 | Scout Tower |
| 13:22 | Peasant |
| 13:41 | Staff of Sanctuary |
| 13:47 | Staff of Sanctuary |
| 14:00 | Guard Tower |
| 14:33 | Guard Tower |
| 14:43 | Magic Sentry |
| 14:45 | Imbued Masonry |
| 14:45 | Advanced Lumber Harvesting |
| 14:46 | Scout Tower |
| 14:47 | Scout Tower |
| 14:47 | Scout Tower |
| 14:48 | Scout Tower |
| 14:48 | Scout Tower |
| 15:42 | Priest |
| 15:46 | Scout Tower |
| 16:01 | Guard Tower |
| 16:16 | Scout Tower |
| 16:22 | Peasant |
| 16:22 | Peasant |
| 16:42 | Bash |
| 17:14 | Guard Tower |
| 17:21 | Gryphon Aviary |
| 17:21 | Gryphon Aviary |
| 17:23 | Farm |
| 17:45 | Blacksmith |
| 18:18 | Gryphon Aviary |
| 18:19 | Farm |
| 18:25 | Scout Tower |
| 18:26 | Scout Tower |
| 18:28 | Scout Tower |
| 18:46 | Tome of Retraining |
| 18:46 | Retrain Hero |
| 18:48 | Banish |
| 18:49 | Siphon Mana |
| 18:50 | Staff of Teleportation |
| 19:06 | Dragonhawk Rider |
| 19:11 | Barracks |
| 19:12 | Studded Leather Armor |
| 19:20 | Orb of Fire |
| 20:14 | Guard Tower |
| 20:16 | Scout Tower |
| 20:17 | Scout Tower |
| 20:17 | Scout Tower |
| 20:34 | Staff of Teleportation |
| 20:46 | Scout Tower |
| 20:47 | Scout Tower |
| 20:47 | Scout Tower |
| 20:48 | Guard Tower |
| 21:06 | Dragonhawk Rider |
| 21:07 | Scout Tower |
| 21:13 | Animal War Training |
| 21:14 | Reinforced Leather Armor |
| 21:19 | Guard Tower |
| 21:59 | Guard Tower |
| 22:01 | Scout Tower |
| 22:01 | Scout Tower |
| 22:01 | Scout Tower |
| 22:10 | Scout Tower |
| 22:10 | Scout Tower |
| 22:11 | Scout Tower |
| 22:11 | Scout Tower |
| 22:12 | Guard Tower |
| 22:19 | Peasant |
| 22:19 | Peasant |
| 22:34 | Guard Tower |
| 22:40 | Scout Tower |
| 22:40 | Scout Tower |
| 22:41 | Scout Tower |
| 22:43 | Guard Tower |
| 22:44 | Scout Tower |
| 22:44 | Scout Tower |
| 22:45 | Scout Tower |
| 22:46 | Scout Tower |
| 22:49 | Scout Tower |
| 22:49 | Scout Tower |
| 22:58 | Peasant |
| 23:03 | Guard Tower |
| 23:06 | Scout Tower |
| 23:06 | Scout Tower |
| 23:07 | Scout Tower |
| 23:07 | Scout Tower |
| 23:07 | Scout Tower |
| 23:08 | Scout Tower |
| 23:08 | Scout Tower |
| 23:09 | Scout Tower |
| 23:09 | Scout Tower |
| 23:10 | Scout Tower |
| 23:11 | Scout Tower |
| 23:12 | Scout Tower |
| 23:13 | Scout Tower |
| 23:13 | Scout Tower |
| 23:13 | Scout Tower |
| 23:14 | Scout Tower |
| 23:15 | Scout Tower |
| 23:16 | Scout Tower |
| 23:16 | Scout Tower |
| 23:17 | Scout Tower |
| 23:18 | Guard Tower |
| 23:34 | Guard Tower |
| 23:54 | Dragonhawk Rider |
| 24:12 | Siphon Mana |
| 24:42 | Dragonhawk Rider |
| 24:50 | Guard Tower |
| 24:51 | Guard Tower |
| 24:54 | Scout Tower |
| 24:54 | Scout Tower |
| 24:54 | Scout Tower |
| 24:55 | Scout Tower |
| 25:11 | Guard Tower |
| 25:14 | Scout Tower |
| 25:14 | Scout Tower |
| 25:15 | Scout Tower |
| 25:15 | Scout Tower |
| 25:16 | Scout Tower |
| 25:16 | Scout Tower |
| 25:29 | Guard Tower |
| Right click | 1386 |
| Select | 746 |
| Select group | 425 |
| Assign group | 178 |
| Build/train/purchase | 152 |
| Use ability | 64 |
| Misc. action | 16 |
| Item give/drop | 7 |
| Resource trade | 6 |
| Minimap ping | 4 |
| Remove unit | 3 |
| Esc | 1 |



| Staff of Sanctuary | 2 | 500 |
| Lesser Clarity Potion | 1 | 70 |
| Orb of Fire | 1 | 325 |
| Boots of Speed | 3 | 750 |
| Staff of Teleportation | 3 | 450 |
| Circlet of Nobility | 1 | 175 |
| Healing Salve | 4 | 400 |
| Orb of Lightning | 2 | 750 |
| total: | 17 | 3420g |
| Peasant | 26 | 1950 | / | 0 |
| Priest | 1 | 135 | / | 10 |
| Goblin Zeppelin | 1 | 240 | / | 60 |
| total: | 28 | 2325g | / | 70w |
| Scout Tower | 75 | 2250 | / | 1500 |
| Arcane Tower | 4 | 280 | / | 200 |
| Guard Tower | 36 | 2520 | / | 1800 |
| Altar of Kings | 1 | 180 | / | 50 |
| Farm | 5 | 400 | / | 100 |
| Lumber Mill | 1 | 120 | / | 0 |
| Arcane Vault | 1 | 130 | / | 30 |
| Town Hall | 3 | 1155 | / | 615 |
| Barracks | 1 | 160 | / | 60 |
| Blacksmith | 1 | 140 | / | 60 |
| Arcane Sanctum | 1 | 150 | / | 140 |
| Gryphon Aviary | 1 | 140 | / | 150 |
| Keep | 1 | 320 | / | 210 |
| Castle | 1 | 360 | / | 210 |
| total: | 90 | 4825g | / | 2705w |
| 0:01 | Peasant |
| 0:03 | Altar of Kings |
| 0:07 | Peasant |
| 0:17 | Farm |
| 0:26 | Peasant |
| 0:35 | Lumber Mill |
| 0:40 | Peasant |
| 0:49 | Farm |
| 0:50 | Peasant |
| 0:59 | Scout Tower |
| 1:01 | Peasant |
| 1:17 | Peasant |
| 1:28 | Arcane Tower |
| 1:33 | Peasant |
| 1:37 | Scout Tower |
| 1:43 | Peasant |
| 1:52 | Peasant |
| 1:58 | Scout Tower |
| 2:02 | Blizzard |
| 2:04 | Guard Tower |
| 2:10 | Scout Tower |
| 2:21 | Peasant |
| 2:34 | Guard Tower |
| 2:42 | Scout Tower |
| 2:44 | Peasant |
| 2:44 | Peasant |
| 3:40 | Peasant |
| 3:41 | Guard Tower |
| 3:42 | Scout Tower |
| 3:43 | Scout Tower |
| 4:01 | Keep |
| 4:02 | Improved Masonry |
| 4:48 | Scout Tower |
| 4:49 | Guard Tower |
| 4:50 | Arcane Vault |
| 5:03 | Brilliance Aura |
| 6:15 | Town Hall |
| 6:18 | Scout Tower |
| 6:19 | Scout Tower |
| 6:19 | Scout Tower |
| 6:20 | Scout Tower |
| 6:20 | Scout Tower |
| 6:20 | Scout Tower |
| 6:21 | Scout Tower |
| 6:22 | Scout Tower |
| 6:26 | Guard Tower |
| 6:27 | Scout Tower |
| 6:28 | Scout Tower |
| 6:38 | Advanced Masonry |
| 6:45 | Farm |
| 6:49 | Arcane Tower |
| 7:00 | Boots of Speed |
| 7:00 | Staff of Teleportation |
| 7:05 | Guard Tower |
| 7:14 | Guard Tower |
| 7:23 | Scout Tower |
| 7:23 | Scout Tower |
| 7:24 | Guard Tower |
| 7:34 | Guard Tower |
| 7:47 | Scout Tower |
| 7:48 | Scout Tower |
| 7:49 | Scout Tower |
| 7:56 | Guard Tower |
| 8:10 | Peasant |
| 8:11 | Peasant |
| 8:14 | Scout Tower |
| 8:15 | Guard Tower |
| 8:16 | Guard Tower |
| 8:28 | Guard Tower |
| 8:52 | Scout Tower |
| 8:52 | Scout Tower |
| 9:01 | Guard Tower |
| 9:02 | Scout Tower |
| 9:04 | Scout Tower |
| 9:05 | Scout Tower |
| 9:09 | Scout Tower |
| 9:19 | Guard Tower |
| 9:22 | Arcane Sanctum |
| 9:32 | Guard Tower |
| 9:34 | Scout Tower |
| 9:35 | Scout Tower |
| 9:57 | Healing Salve |
| 10:04 | Guard Tower |
| 10:05 | Guard Tower |
| 10:05 | Guard Tower |
| 10:09 | Arcane Tower |
| 10:14 | Storm Bolt |
| 10:27 | Circlet of Nobility |
| 11:22 | Boots of Speed |
| 11:29 | Castle |
| 11:33 | Healing Salve |
| 11:41 | Orb of Lightning |
| 11:46 | Magic Sentry |
| 11:53 | Improved Lumber Harvesting |
| 12:37 | Scout Tower |
| 12:38 | Scout Tower |
| 12:39 | Scout Tower |
| 12:41 | Healing Salve |
| 12:45 | Orb of Lightning |
| 13:00 | Priest Adept Training |
| 13:05 | Guard Tower |
| 13:39 | Blizzard |
| 14:19 | Bash |
| 14:32 | Town Hall |
| 14:36 | Guard Tower |
| 14:41 | Healing Salve |
| 14:46 | Staff of Sanctuary |
| 14:55 | Scout Tower |
| 14:56 | Scout Tower |
| 14:58 | Imbued Masonry |
| 15:02 | Staff of Teleportation |
| 15:18 | Scout Tower |
| 15:19 | Scout Tower |
| 15:25 | Scout Tower |
| 15:26 | Scout Tower |
| 15:26 | Scout Tower |
| 16:06 | Guard Tower |
| 16:09 | Scout Tower |
| 16:09 | Scout Tower |
| 16:47 | Peasant |
| 16:48 | Peasant |
| 16:51 | Guard Tower |
| 17:14 | Guard Tower |
| 17:16 | Scout Tower |
| 17:17 | Scout Tower |
| 17:18 | Scout Tower |
| 17:22 | Arcane Tower |
| 17:22 | Guard Tower |
| 17:26 | Peasant |
| 17:26 | Peasant |
| 17:26 | Peasant |
| 17:57 | Guard Tower |
| 17:57 | Scout Tower |
| 17:58 | Scout Tower |
| 18:28 | Guard Tower |
| 18:30 | Scout Tower |
| 18:31 | Scout Tower |
| 18:31 | Scout Tower |
| 18:32 | Scout Tower |
| 19:04 | Guard Tower |
| 19:05 | Scout Tower |
| 19:05 | Scout Tower |
| 19:11 | Priest Master Training |
| 19:11 | Priest |
| 19:52 | Lesser Clarity Potion |
| 20:07 | Holy Light |
| 20:12 | Guard Tower |
| 20:13 | Scout Tower |
| 20:14 | Scout Tower |
| 20:27 | Guard Tower |
| 20:28 | Scout Tower |
| 20:29 | Scout Tower |
| 20:58 | Scout Tower |
| 20:58 | Scout Tower |
| 21:01 | Guard Tower |
| 21:03 | Scout Tower |
| 21:08 | Peasant |
| 21:08 | Peasant |
| 21:10 | Peasant |
| 21:18 | Staff of Sanctuary |
| 21:22 | Gryphon Aviary |
| 21:24 | Barracks |
| 21:26 | Blacksmith |
| 21:31 | Orb of Fire |
| 21:37 | Guard Tower |
| 21:39 | Scout Tower |
| 21:40 | Scout Tower |
| 21:40 | Scout Tower |
| 21:41 | Scout Tower |
| 21:41 | Scout Tower |
| 21:41 | Scout Tower |
| 21:44 | Guard Tower |
| 21:45 | Scout Tower |
| 21:45 | Scout Tower |
| 21:56 | Peasant |
| 21:56 | Peasant |
| 21:58 | Scout Tower |
| 21:58 | Scout Tower |
| 21:59 | Scout Tower |
| 22:18 | Boots of Speed |
| 22:38 | Staff of Teleportation |
| 23:02 | Guard Tower |
| 23:05 | Guard Tower |
| 24:24 | Goblin Zeppelin |
| 24:45 | Guard Tower |
| 24:50 | Farm |
| 24:50 | Farm |
| 24:51 | Scout Tower |
| 24:52 | Scout Tower |
| 25:32 | Town Hall |
| Right click | 1451 |
| Select group | 587 |
| Assign group | 560 |
| Select | 369 |
| Chat | 258 |
| Build/train/purchase | 149 |
| Use ability | 71 |
| Misc. action | 29 |
| Item give/drop | 8 |
| Resource trade | 6 |
| Minimap ping | 1 |


| Healing Salve | 4 | 400 |
| Orb of Lightning | 1 | 375 |
| Scroll of Speed | 1 | 50 |
| Boots of Speed | 2 | 500 |
| Staff of Teleportation | 1 | 150 |
| total: | 9 | 1475g |
| Peon | 20 | 1500 | / | 0 |
| Troll Batrider | 7 | 1120 | / | 280 |
| Goblin Shredder | 2 | 750 | / | 200 |
| total: | 29 | 3370g | / | 480w |
| Watch Tower | 28 | 3080 | / | 2240 |
| Altar of Storms | 1 | 180 | / | 50 |
| Orc Burrow | 6 | 960 | / | 240 |
| War Mill | 1 | 205 | / | 0 |
| Voodoo Lounge | 4 | 520 | / | 120 |
| Great Hall | 3 | 1155 | / | 555 |
| Beastiary | 6 | 870 | / | 840 |
| Stronghold | 3 | 945 | / | 570 |
| Fortress | 1 | 325 | / | 190 |
| total: | 49 | 6970g | / | 4045w |
| 0:02 | Peon |
| 0:02 | Peon |
| 0:06 | Altar of Storms |
| 0:18 | Orc Burrow |
| 0:22 | Peon |
| 0:35 | Peon |
| 0:48 | War Mill |
| 0:53 | Peon |
| 1:06 | Voodoo Lounge |
| 1:13 | Peon |
| 1:25 | Peon |
| 1:50 | Orc Burrow |
| 2:06 | Watch Tower |
| 2:08 | Wind Walk |
| 2:09 | Peon |
| 2:09 | Peon |
| 2:19 | Healing Salve |
| 2:29 | Watch Tower |
| 2:36 | Peon |
| 2:46 | Peon |
| 3:03 | Peon |
| 3:10 | Watch Tower |
| 3:29 | Peon |
| 3:31 | Watch Tower |
| 3:40 | Watch Tower |
| 4:01 | Stronghold |
| 4:14 | Watch Tower |
| 4:37 | Watch Tower |
| 4:47 | Critical Strike |
| 4:50 | Watch Tower |
| 4:54 | Orc Burrow |
| 4:58 | Voodoo Lounge |
| 5:15 | Healing Salve |
| 5:26 | Watch Tower |
| 5:49 | Watch Tower |
| 5:53 | Watch Tower |
| 6:19 | Watch Tower |
| 6:36 | Watch Tower |
| 6:41 | Watch Tower |
| 6:50 | Beastiary |
| 6:58 | Watch Tower |
| 7:13 | Voodoo Lounge |
| 7:25 | Hex |
| 8:09 | Watch Tower |
| 8:10 | Watch Tower |
| 8:11 | Watch Tower |
| 8:22 | Voodoo Lounge |
| 8:57 | Beastiary |
| 8:59 | Fortress |
| 9:13 | Watch Tower |
| 9:14 | Watch Tower |
| 9:17 | Reinforced Defenses |
| 9:34 | Beastiary |
| 10:01 | Boots of Speed |
| 10:02 | Staff of Teleportation |
| 10:27 | Watch Tower |
| 10:28 | Watch Tower |
| 10:35 | Spiked Barricades |
| 11:20 | Great Hall |
| 11:22 | Liquid Fire |
| 11:24 | Troll Batrider |
| 11:59 | Healing Wave |
| 12:05 | Watch Tower |
| 12:06 | Watch Tower |
| 12:19 | Goblin Shredder |
| 12:47 | Orb of Lightning |
| 12:48 | Healing Salve |
| 13:06 | Troll Batrider |
| 13:29 | Beastiary |
| 13:36 | Troll Batrider |
| 14:13 | Watch Tower |
| 14:14 | Watch Tower |
| 14:22 | Troll Batrider |
| 14:33 | Troll Batrider |
| 14:40 | Troll Batrider |
| 14:56 | Troll Batrider |
| 15:08 | Steel Armor |
| 15:16 | Improved Spiked Barricades |
| 15:20 | Watch Tower |
| 15:21 | Watch Tower |
| 15:35 | Beastiary |
| 15:39 | Beastiary |
| 15:50 | Scroll of Speed |
| 16:41 | Wind Walk |
| 16:57 | Stronghold |
| 18:45 | Healing Salve |
| 19:10 | Great Hall |
| 19:15 | Critical Strike |
| 19:23 | Great Hall |
| 20:05 | Boots of Speed |
| 21:00 | Healing Wave |
| 21:16 | Orc Burrow |
| 21:18 | Orc Burrow |
| 22:08 | Peon |
| 22:08 | Peon |
| 22:14 | Peon |
| 22:14 | Peon |
| 22:27 | Peon |
| 22:45 | Peon |
| 22:45 | Peon |
| 23:07 | Orc Burrow |
| 23:45 | Stronghold |
| 23:48 | Goblin Shredder |
| Right click | 1909 |
| Select | 466 |
| Select group | 394 |
| Use ability | 112 |
| Misc. action | 99 |
| Build/train/purchase | 77 |
| Assign group | 9 |
| Item give/drop | 7 |
| Resource trade | 5 |
| Chat | 4 |
| Esc | 2 |
| Minimap ping | 1 |
BEARAND
(25:46) : 


| Staff of Sanctuary | 3 | 750 |
| Potion of Mana | 1 | 200 |
| Staff of Teleportation | 3 | 450 |
| Boots of Speed | 3 | 750 |
| Potion of Lesser Invulnerability | 2 | 300 |
| Periapt of Vitality | 1 | 325 |
| Circlet of Nobility | 1 | 175 |
| Healing Salve | 4 | 400 |
| total: | 18 | 3350g |
| Peasant | 17 | 1275 | / | 0 |
| Gryphon Rider | 1 | 280 | / | 70 |
| Dragonhawk Rider | 9 | 1800 | / | 270 |
| total: | 27 | 3355g | / | 340w |
| Scout Tower | 62 | 1860 | / | 1240 |
| Arcane Tower | 4 | 280 | / | 200 |
| Guard Tower | 32 | 2240 | / | 1600 |
| Altar of Kings | 2 | 360 | / | 100 |
| Farm | 7 | 560 | / | 140 |
| Lumber Mill | 1 | 120 | / | 0 |
| Arcane Vault | 2 | 260 | / | 60 |
| Blacksmith | 1 | 140 | / | 60 |
| Barracks | 1 | 160 | / | 60 |
| Town Hall | 2 | 770 | / | 410 |
| Gryphon Aviary | 2 | 280 | / | 300 |
| Arcane Sanctum | 1 | 150 | / | 140 |
| Keep | 1 | 320 | / | 210 |
| Castle | 1 | 360 | / | 210 |
| total: | 81 | 4660g | / | 2510w |
| 0:01 | Peasant |
| 0:02 | Peasant |
| 0:07 | Altar of Kings |
| 0:19 | Farm |
| 0:23 | Peasant |
| 0:38 | Peasant |
| 0:40 | Farm |
| 0:54 | Peasant |
| 0:54 | Peasant |
| 1:03 | Lumber Mill |
| 1:06 | Peasant |
| 1:12 | Peasant |
| 1:17 | Peasant |
| 1:25 | Scout Tower |
| 1:31 | Peasant |
| 1:36 | Scout Tower |
| 1:40 | Scout Tower |
| 1:43 | Peasant |
| 1:52 | Arcane Tower |
| 1:54 | Scout Tower |
| 2:04 | Blizzard |
| 2:10 | Scout Tower |
| 2:17 | Guard Tower |
| 2:22 | Guard Tower |
| 2:35 | Scout Tower |
| 2:50 | Guard Tower |
| 2:53 | Scout Tower |
| 2:54 | Scout Tower |
| 3:01 | Peasant |
| 3:02 | Peasant |
| 3:02 | Peasant |
| 3:03 | Peasant |
| 3:05 | Guard Tower |
| 3:08 | Scout Tower |
| 3:09 | Scout Tower |
| 3:10 | Scout Tower |
| 3:11 | Scout Tower |
| 3:11 | Scout Tower |
| 3:12 | Scout Tower |
| 3:24 | Guard Tower |
| 3:32 | Healing Salve |
| 3:37 | Scout Tower |
| 3:39 | Scout Tower |
| 3:41 | Scout Tower |
| 3:49 | Keep |
| 4:22 | Staff of Teleportation |
| 4:22 | Boots of Speed |
| 4:41 | Brilliance Aura |
| 4:47 | Farm |
| 4:48 | Farm |
| 4:59 | Guard Tower |
| 5:00 | Guard Tower |
| 5:01 | Guard Tower |
| 5:02 | Scout Tower |
| 5:02 | Scout Tower |
| 5:23 | Scout Tower |
| 5:23 | Scout Tower |
| 5:24 | Scout Tower |
| 5:25 | Scout Tower |
| 5:27 | Scout Tower |
| 5:55 | Guard Tower |
| 5:56 | Guard Tower |
| 5:57 | Guard Tower |
| 5:59 | Scout Tower |
| 6:00 | Scout Tower |
| 6:01 | Scout Tower |
| 6:01 | Scout Tower |
| 6:03 | Improved Masonry |
| 6:48 | Scout Tower |
| 6:49 | Scout Tower |
| 6:49 | Scout Tower |
| 7:01 | Improved Lumber Harvesting |
| 7:39 | Storm Bolt |
| 8:33 | Arcane Tower |
| 8:33 | Guard Tower |
| 8:34 | Guard Tower |
| 8:34 | Castle |
| 8:36 | Arcane Vault |
| 8:37 | Arcane Vault |
| 8:43 | Guard Tower |
| 8:45 | Arcane Tower |
| 8:58 | Healing Salve |
| 9:19 | Guard Tower |
| 9:22 | Scout Tower |
| 9:22 | Scout Tower |
| 9:23 | Scout Tower |
| 9:23 | Scout Tower |
| 9:24 | Scout Tower |
| 9:39 | Gryphon Aviary |
| 9:45 | Blacksmith |
| 10:10 | Barracks |
| 10:30 | Staff of Teleportation |
| 10:41 | Boots of Speed |
| 11:11 | Advanced Masonry |
| 11:38 | Blizzard |
| 12:14 | Town Hall |
| 12:17 | Town Hall |
| 12:23 | Arcane Tower |
| 13:06 | Holy Light |
| 13:17 | Staff of Sanctuary |
| 13:37 | Staff of Sanctuary |
| 13:59 | Scout Tower |
| 13:59 | Scout Tower |
| 14:00 | Scout Tower |
| 14:01 | Scout Tower |
| 14:11 | Gryphon Rider |
| 14:11 | Dragonhawk Rider |
| 14:17 | Boots of Speed |
| 14:24 | Animal War Training |
| 14:32 | Guard Tower |
| 14:34 | Potion of Lesser Invulnerability |
| 14:44 | Dragonhawk Rider |
| 14:47 | Studded Leather Armor |
| 14:53 | Scout Tower |
| 14:53 | Scout Tower |
| 14:54 | Scout Tower |
| 14:55 | Scout Tower |
| 14:55 | Scout Tower |
| 14:56 | Scout Tower |
| 15:05 | Guard Tower |
| 15:24 | Scout Tower |
| 15:24 | Scout Tower |
| 15:24 | Scout Tower |
| 15:25 | Scout Tower |
| 15:40 | Dragonhawk Rider |
| 15:40 | Dragonhawk Rider |
| 15:42 | Farm |
| 16:03 | Scout Tower |
| 16:04 | Scout Tower |
| 16:04 | Guard Tower |
| 16:07 | Dragonhawk Rider |
| 16:07 | Reinforced Leather Armor |
| 16:23 | Staff of Sanctuary |
| 16:39 | Bash |
| 17:23 | Arcane Sanctum |
| 17:24 | Dragonhide Armor |
| 17:28 | Healing Salve |
| 17:34 | Healing Salve |
| 17:44 | Guard Tower |
| 17:49 | Guard Tower |
| 18:28 | Scout Tower |
| 18:28 | Scout Tower |
| 19:19 | Divine Shield |
| 19:19 | Guard Tower |
| 19:36 | Guard Tower |
| 19:37 | Scout Tower |
| 19:38 | Scout Tower |
| 20:09 | Guard Tower |
| 20:16 | Dragonhawk Rider |
| 20:16 | Dragonhawk Rider |
| 20:16 | Dragonhawk Rider |
| 20:17 | Dragonhawk Rider |
| 20:18 | Gryphon Aviary |
| 20:19 | Farm |
| 20:21 | Peasant |
| 20:21 | Peasant |
| 20:22 | Farm |
| 20:23 | Scout Tower |
| 20:24 | Scout Tower |
| 20:24 | Scout Tower |
| 20:24 | Scout Tower |
| 20:25 | Scout Tower |
| 20:25 | Scout Tower |
| 21:25 | Guard Tower |
| 21:32 | Altar of Kings |
| 22:39 | Staff of Teleportation |
| 22:42 | Periapt of Vitality |
| 22:43 | Circlet of Nobility |
| 22:44 | Potion of Lesser Invulnerability |
| 23:33 | Potion of Mana |
| Right click | 2609 |
| Select | 649 |
| Select group | 276 |
| Build/train/purchase | 154 |
| Use ability | 102 |
| Minimap ping | 18 |
| Assign group | 13 |
| Resource trade | 13 |
| Chat | 4 |
| Misc. action | 3 |
| Item give/drop | 1 |
| Remove unit | 1 |
144 units @ 26.4k
/ 4k
91 buildings @ 12.1k
/ 5.4k

| Peon | 8 | 600 | / | 0 |
| Grunt | 5 | 1000 | / | 0 |
| Wind Rider | 5 | 1325 | / | 200 |
| Demolisher | 11 | 2420 | / | 550 |
| Troll Batrider | 1 | 160 | / | 40 |
| Goblin Shredder | 2 | 750 | / | 200 |
| Forest Troll High Priest | 1 | 305 | / | 40 |
| total: | 33 | 6560g | / | 1030w |
| Orc Burrow | 8 | 1280 | / | 320 |
| Altar of Storms | 1 | 180 | / | 50 |
| Barracks | 2 | 360 | / | 100 |
| Voodoo Lounge | 1 | 130 | / | 30 |
| War Mill | 1 | 205 | / | 0 |
| Great Hall | 2 | 770 | / | 370 |
| Beastiary | 3 | 435 | / | 420 |
| Stronghold | 1 | 315 | / | 190 |
| Fortress | 1 | 325 | / | 190 |
| total: | 18 | 3360g | / | 1290w |
| 0:22 | Orc Burrow |
| 0:26 | Altar of Storms |
| 0:31 | Peon |
| 0:32 | Peon |
| 1:09 | Peon |
| 1:09 | Peon |
| 1:09 | Peon |
| 1:29 | Barracks |
| 2:03 | Orc Burrow |
| 2:48 | Feral Spirit |
| 3:32 | Grunt |
| 3:32 | Grunt |
| 3:32 | Grunt |
| 3:52 | Voodoo Lounge |
| 4:26 | Grunt |
| 4:26 | Grunt |
| 4:32 | War Mill |
| 5:00 | Chain Lighting |
| 5:13 | Orc Burrow |
| 5:43 | Stronghold |
| 5:47 | Steel Armor |
| 6:12 | Orc Burrow |
| 7:01 | Goblin Shredder |
| 7:44 | Steel Ranged Weapons |
| 8:58 | Beastiary |
| 8:59 | Beastiary |
| 9:04 | Thorium Ranged Weapons |
| 9:56 | Beastiary |
| 9:58 | Fortress |
| 10:03 | Thorium Armor |
| 11:13 | Great Hall |
| 11:24 | Goblin Shredder |
| 11:33 | Orc Burrow |
| 11:38 | Orc Burrow |
| 11:58 | Wind Rider |
| 11:58 | Wind Rider |
| 12:07 | Feral Spirit |
| 12:33 | Envenomed Spears |
| 12:36 | Wind Rider |
| 12:43 | Orc Burrow |
| 13:04 | Burning Oil |
| 13:14 | Barracks |
| 13:44 | Demolisher |
| 14:09 | Peon |
| 14:09 | Peon |
| 14:29 | Peon |
| 14:43 | Demolisher |
| 15:01 | Orc Burrow |
| 15:17 | Demolisher |
| 15:56 | Demolisher |
| 16:24 | Forest Troll High Priest |
| 17:26 | Demolisher |
| 17:26 | Demolisher |
| 20:20 | Demolisher |
| 20:20 | Demolisher |
| 20:20 | Demolisher |
| 20:20 | Demolisher |
| 20:20 | Demolisher |
| 20:46 | Chain Lighting |
| 22:44 | Wind Rider |
| 22:45 | Wind Rider |
| 23:49 | Troll Batrider |
| 24:23 | Great Hall |
| 24:49 | Liquid Fire |
| 24:56 | Arcanite Ranged Weapons |
| 24:57 | Spiked Barricades |
| Right click | 364 |
| Select | 281 |
| Select group | 159 |
| Build/train/purchase | 60 |
| Assign group | 21 |
| Misc. action | 11 |
| Use ability | 10 |
| Chat | 7 |
| Minimap ping | 2 |
| Remove unit | 1 |


| Healing Salve | 1 | 100 |
| Lesser Clarity Potion | 6 | 420 |
| Potion of Healing | 1 | 150 |
| Potion of Mana | 1 | 200 |
| Scroll of Healing | 1 | 250 |
| Boots of Speed | 2 | 500 |
| Scroll of Protection | 1 | 150 |
| total: | 13 | 1770g |
| Peon | 12 | 900 | / | 0 |
| Wind Rider | 22 | 5830 | / | 880 |
| Goblin Shredder | 3 | 1125 | / | 300 |
| total: | 37 | 7855g | / | 1180w |
| Watch Tower | 1 | 110 | / | 80 |
| Altar of Storms | 1 | 180 | / | 50 |
| Orc Burrow | 8 | 1280 | / | 320 |
| Voodoo Lounge | 1 | 130 | / | 30 |
| War Mill | 1 | 205 | / | 0 |
| Great Hall | 1 | 385 | / | 185 |
| Beastiary | 2 | 290 | / | 280 |
| Stronghold | 1 | 315 | / | 190 |
| Fortress | 2 | 650 | / | 380 |
| total: | 15 | 2580g | / | 945w |
| 0:03 | Peon |
| 0:03 | Peon |
| 0:12 | Altar of Storms |
| 0:16 | Orc Burrow |
| 0:24 | Voodoo Lounge |
| 0:30 | Peon |
| 0:41 | Peon |
| 0:53 | Peon |
| 1:12 | Peon |
| 1:24 | Peon |
| 2:03 | Stronghold |
| 2:13 | Orc Burrow |
| 2:17 | Feral Spirit |
| 2:20 | Healing Salve |
| 2:20 | Lesser Clarity Potion |
| 2:40 | War Mill |
| 3:03 | Orc Burrow |
| 3:59 | Chain Lighting |
| 4:14 | Lesser Clarity Potion |
| 4:27 | Beastiary |
| 4:31 | Beastiary |
| 5:35 | Hex |
| 5:38 | Wind Rider |
| 5:42 | Orc Burrow |
| 5:46 | Reinforced Defenses |
| 5:58 | Peon |
| 5:58 | Peon |
| 6:22 | Great Hall |
| 6:50 | Goblin Shredder |
| 6:52 | Goblin Shredder |
| 6:53 | Goblin Shredder |
| 7:05 | Lesser Clarity Potion |
| 7:08 | Lesser Clarity Potion |
| 7:31 | Wind Rider |
| 7:56 | Wind Rider |
| 8:00 | Healing Wave |
| 8:02 | Feral Spirit |
| 8:18 | Wind Rider |
| 8:53 | Watch Tower |
| 8:55 | Peon |
| 8:55 | Peon |
| 8:56 | Peon |
| 9:22 | Wind Rider |
| 9:58 | Wind Rider |
| 10:29 | Wind Rider |
| 10:41 | Orc Burrow |
| 11:19 | Wind Rider |
| 11:22 | Steel Ranged Weapons |
| 11:22 | Steel Armor |
| 11:25 | Orc Burrow |
| 11:55 | Boots of Speed |
| 12:00 | Boots of Speed |
| 12:34 | Wind Rider |
| 12:40 | Healing Wave |
| 12:51 | Wind Rider |
| 12:55 | Thorium Ranged Weapons |
| 13:13 | Fortress |
| 13:24 | Chain Lighting |
| 13:46 | Thorium Armor |
| 14:46 | Wind Rider |
| 15:36 | Envenomed Spears |
| 15:37 | Wind Rider |
| 16:18 | Wind Rider |
| 16:22 | Orc Burrow |
| 16:39 | Wind Rider |
| 16:39 | Wind Rider |
| 17:11 | Arcanite Ranged Weapons |
| 17:11 | Arcanite Armor |
| 17:28 | Wind Rider |
| 17:50 | Wind Rider |
| 18:02 | Lesser Clarity Potion |
| 18:08 | Potion of Healing |
| 18:08 | Lesser Clarity Potion |
| 18:26 | Potion of Mana |
| 19:44 | Wind Rider |
| 20:44 | Hex |
| 21:25 | Chain Lighting |
| 21:37 | Orc Burrow |
| 22:43 | Wind Rider |
| 23:52 | Healing Wave |
| 24:13 | Wind Rider |
| 24:29 | Wind Rider |
| 24:30 | Wind Rider |
| 25:35 | Scroll of Protection |
| 25:38 | Scroll of Healing |
| Right click | 821 |
| Select group | 436 |
| Select | 218 |
| Build/train/purchase | 107 |
| Use ability | 59 |
| Assign group | 21 |
| Chat | 20 |
| Resource trade | 8 |
| Minimap ping | 7 |
| Item give/drop | 3 |



| Orb of Venom | 1 | 325 |
| Circlet of Nobility | 1 | 175 |
| Boots of Speed | 1 | 250 |
| total: | 3 | 750g |
| Wisp | 19 | 1140 | / | 0 |
| Archer | 8 | 1040 | / | 80 |
| Chimaera | 15 | 4950 | / | 1050 |
| Hippogryph | 7 | 1120 | / | 140 |
| total: | 49 | 8250g | / | 1270w |
| Altar of Elders | 1 | 180 | / | 50 |
| Moon Well | 8 | 1440 | / | 320 |
| Ancient of War | 1 | 150 | / | 60 |
| Ancient of Wonders | 1 | 90 | / | 30 |
| Tree of Life | 1 | 340 | / | 185 |
| Hunter's Hall | 1 | 210 | / | 100 |
| Ancient of Wind | 1 | 150 | / | 140 |
| Chimaera Roost | 4 | 560 | / | 760 |
| Tree of Ages | 1 | 320 | / | 180 |
| Tree of Eternity | 1 | 330 | / | 200 |
| total: | 18 | 3120g | / | 1645w |
| 0:04 | Wisp |
| 0:04 | Wisp |
| 0:04 | Wisp |
| 0:09 | Altar of Elders |
| 0:20 | Moon Well |
| 0:34 | Ancient of War |
| 0:39 | Wisp |
| 0:42 | Wisp |
| 0:55 | Wisp |
| 1:18 | Wisp |
| 1:35 | Moon Well |
| 1:37 | Archer |
| 1:49 | Archer |
| 1:59 | Moon Well |
| 2:11 | Mana Burn |
| 2:27 | Archer |
| 2:29 | Moon Well |
| 2:34 | Wisp |
| 2:47 | Archer |
| 3:10 | Archer |
| 3:20 | Evasion |
| 3:21 | Archer |
| 3:23 | Wisp |
| 3:24 | Wisp |
| 3:38 | Ancient of Wonders |
| 3:43 | Wisp |
| 4:17 | Wisp |
| 4:33 | Archer |
| 4:38 | Tree of Ages |
| 4:59 | Tree of Life |
| 5:16 | Mana Burn |
| 5:17 | Archer |
| 5:54 | Hunter's Hall |
| 6:14 | Circlet of Nobility |
| 6:59 | Strength of the Moon |
| 6:59 | Moon Armor |
| 7:03 | Ancient of Wind |
| 7:05 | Wisp |
| 7:08 | Wisp |
| 7:09 | Wisp |
| 7:09 | Wisp |
| 7:09 | Wisp |
| 7:10 | Wisp |
| 7:59 | Boots of Speed |
| 8:49 | Trueshot Aura |
| 9:02 | Tree of Eternity |
| 9:04 | Strength of the Wild |
| 9:04 | Reinforced Hides |
| 10:26 | Improved Strength of the Wild |
| 11:06 | Moon Well |
| 11:28 | Chimaera Roost |
| 11:30 | Chimaera Roost |
| 11:32 | Chimaera Roost |
| 11:43 | Wisp |
| 11:48 | Chimaera Roost |
| 11:54 | Moon Well |
| 12:23 | Advanced Strength of the Wild |
| 12:31 | Orb of Venom |
| 12:38 | Improved Reinforced Hides |
| 12:42 | Entangling Roots |
| 12:53 | Corrosive Breath |
| 12:56 | Chimaera |
| 13:00 | Chimaera |
| 13:04 | Hippogryph |
| 13:04 | Hippogryph |
| 13:09 | Well Spring |
| 13:10 | Ultravision |
| 13:13 | Chimaera |
| 13:23 | Chimaera |
| 13:24 | Chimaera |
| 13:25 | Chimaera |
| 13:27 | Chimaera |
| 13:47 | Chimaera |
| 14:11 | Moon Well |
| 14:17 | Chimaera |
| 14:18 | Chimaera |
| 15:10 | Chimaera |
| 15:14 | Moon Well |
| 15:33 | Advanced Reinforced Hides |
| 17:46 | Chimaera |
| 19:22 | Hippogryph |
| 19:22 | Hippogryph |
| 19:25 | Chimaera |
| 20:23 | Hippogryph |
| 20:23 | Hippogryph |
| 20:24 | Chimaera |
| 20:40 | Evasion |
| 20:49 | Searing Arrows |
| 21:11 | Hippogryph |
| 21:13 | Chimaera |
| 23:42 | Thorns Aura |
| 25:14 | Evasion |
| Right click | 821 |
| Select group | 620 |
| Select | 245 |
| Build/train/purchase | 78 |
| Misc. action | 68 |
| Assign group | 57 |
| Use ability | 19 |
| Item give/drop | 7 |
| Minimap ping | 1 |



x1)
| Scroll of Regeneration | 2 | 200 |
| Lesser Clarity Potion | 2 | 140 |
| Staff of Sanctuary | 1 | 250 |
| Scroll of Town Portal | 1 | 350 |
| Scroll of Healing | 1 | 250 |
| Potion of Lesser Invulnerability | 2 | 300 |
| Tome of Retraining | 1 | 300 |
| Boots of Speed | 1 | 250 |
| Scroll of Protection | 1 | 150 |
| total: | 12 | 2190g |
| Peasant | 14 | 1050 | / | 0 |
| Rifleman | 5 | 1025 | / | 150 |
| Gryphon Rider | 4 | 1120 | / | 280 |
| Dragonhawk Rider | 1 | 200 | / | 30 |
| Goblin Shredder | 1 | 375 | / | 100 |
| total: | 25 | 3770g | / | 560w |
| Scout Tower | 19 | 570 | / | 380 |
| Arcane Tower | 1 | 70 | / | 50 |
| Guard Tower | 5 | 350 | / | 250 |
| Altar of Kings | 1 | 180 | / | 50 |
| Farm | 12 | 960 | / | 240 |
| Barracks | 1 | 160 | / | 60 |
| Blacksmith | 1 | 140 | / | 60 |
| Town Hall | 1 | 385 | / | 205 |
| Arcane Vault | 1 | 130 | / | 30 |
| Lumber Mill | 1 | 120 | / | 0 |
| Gryphon Aviary | 3 | 420 | / | 450 |
| Keep | 1 | 320 | / | 210 |
| Castle | 1 | 360 | / | 210 |
| total: | 40 | 3065g | / | 1475w |
| 0:04 | Peasant |
| 0:04 | Peasant |
| 0:08 | Altar of Kings |
| 0:22 | Peasant |
| 0:35 | Farm |
| 0:39 | Peasant |
| 0:53 | Peasant |
| 1:03 | Barracks |
| 1:08 | Blacksmith |
| 1:17 | Peasant |
| 1:25 | Scout Tower |
| 1:29 | Peasant |
| 1:36 | Farm |
| 1:49 | Peasant |
| 1:52 | Arcane Tower |
| 2:10 | Summon Water Elemental |
| 2:19 | Farm |
| 2:20 | Rifleman |
| 2:26 | Peasant |
| 2:44 | Peasant |
| 2:55 | Rifleman |
| 2:59 | Peasant |
| 3:06 | Brilliance Aura |
| 3:27 | Farm |
| 3:31 | Peasant |
| 3:58 | Peasant |
| 3:59 | Peasant |
| 4:11 | Town Hall |
| 4:33 | Summon Water Elemental |
| 4:37 | Rifleman |
| 5:16 | Goblin Shredder |
| 5:32 | Keep |
| 5:42 | Arcane Vault |
| 6:06 | Rifleman |
| 6:08 | Black Gunpowder |
| 6:10 | Lumber Mill |
| 6:18 | Scroll of Regeneration |
| 6:27 | Lesser Clarity Potion |
| 6:30 | Scout Tower |
| 6:32 | Scout Tower |
| 6:34 | Scout Tower |
| 6:35 | Scout Tower |
| 6:38 | Scout Tower |
| 6:38 | Scout Tower |
| 6:40 | Improved Masonry |
| 6:41 | Rifleman |
| 7:01 | Guard Tower |
| 8:10 | Castle |
| 8:14 | Breath of Fire |
| 8:52 | Guard Tower |
| 8:57 | Gryphon Aviary |
| 8:58 | Gryphon Aviary |
| 8:58 | Gryphon Aviary |
| 9:29 | Potion of Lesser Invulnerability |
| 9:35 | Tome of Retraining |
| 9:35 | Retrain Hero |
| 9:36 | Blizzard |
| 9:37 | Brilliance Aura |
| 10:05 | Farm |
| 10:05 | Farm |
| 10:06 | Farm |
| 10:09 | Advanced Masonry |
| 10:14 | Scout Tower |
| 10:14 | Scout Tower |
| 10:16 | Scout Tower |
| 10:16 | Scout Tower |
| 10:20 | Farm |
| 10:25 | Scroll of Town Portal |
| 10:26 | Lesser Clarity Potion |
| 10:32 | Gryphon Rider |
| 10:34 | Scroll of Regeneration |
| 10:37 | Staff of Sanctuary |
| 10:44 | Animal War Training |
| 10:45 | Iron Forged Swords |
| 10:46 | Studded Leather Armor |
| 11:22 | Gryphon Rider |
| 11:23 | Storm Hammers |
| 11:24 | Cloud |
| 11:36 | Farm |
| 11:36 | Farm |
| 13:30 | Steel Forged Swords |
| 13:30 | Reinforced Leather Armor |
| 13:57 | Holy Light |
| 14:11 | Gryphon Rider |
| 14:25 | Farm |
| 14:26 | Farm |
| 14:28 | Imbued Masonry |
| 14:41 | Boots of Speed |
| 15:04 | Brilliance Aura |
| 15:09 | Gryphon Rider |
| 15:59 | Scroll of Protection |
| 16:34 | Dragonhawk Rider |
| 18:12 | Drunken Brawler |
| 19:55 | Devotion Aura |
| 21:05 | Mithril Forged Swords |
| 21:05 | Dragonhide Armor |
| 21:20 | Blizzard |
| 21:37 | Scout Tower |
| 21:39 | Scout Tower |
| 21:42 | Guard Tower |
| 21:44 | Scout Tower |
| 21:46 | Scout Tower |
| 21:46 | Scout Tower |
| 22:21 | Guard Tower |
| 22:22 | Scout Tower |
| 22:23 | Scout Tower |
| 22:25 | Breath of Fire |
| 23:09 | Holy Light |
| 25:19 | Guard Tower |
| 25:19 | Scout Tower |
| 25:27 | Potion of Lesser Invulnerability |
| 25:27 | Scroll of Healing |
| Right click | 1705 |
| Select group | 1171 |
| Select | 623 |
| Build/train/purchase | 179 |
| Use ability | 115 |
| Misc. action | 100 |
| Assign group | 53 |
| Minimap ping | 9 |
| Resource trade | 6 |
| Item give/drop | 5 |
| Esc | 2 |
⇛